 Dungeon Crawl Stone Soup version 0.29-a0-575-g0dc89cf053 (webtiles) character file.

Game seed: 13275678154105854571

235 KristoblXynda the Slasher (level 5, -13/46 HPs)
             Began as a Draconian Gladiator on June 13, 2022.
             Killed from afar by a steam dragon (24 damage)
             ... with a ball of steam
             ... on level 3 of the Dungeon.
             The game lasted 00:01:51 (1804 turns).

KristoblXynda the Slasher (Draconian Gladiator)     Turns: 1804, Time: 00:01:52

Health: -13/46     AC:  5    Str: 18    XL:     5   Next: 76%
Magic:  5/5        EV: 13    Int:  9    God:
Gold:   58         SH:  0    Dex: 12    Spells: 4/4 levels left

rFire   . . .      SeeInvis .   a - +0 long sword
rCold   . . .      Faith    .   (no shield)
rNeg    . . .      Spirit   .   (body armour unavailable)
rPois   .          Reflect  .   b - +0 hat
rElec   .          Harm     .   (no cloak)
rCorr   .          Rampage  .   (no gloves)
Will    .....                   (no boots)
Stlth   +.........              (no amulet)
HPRegen 0.15/turn               (no ring)
MPRegen 0.09/turn               (no ring)

@: no status effects
A: AC +5, unfitting armour, cold-blooded
a: no special abilities


You were on level 3 of the Dungeon.
You visited 1 branch of the dungeon, and saw 3 of its levels.

You collected 58 gold pieces.

Inventory:

Hand Weapons
 a - a +0 long sword (weapon)
Missiles
 d - a javelin (quivered)
Armour
 b - a +0 hat (worn)
Jewellery
 g - an amulet of faith
 n - a ring of ice
Scrolls
 e - 3 scrolls of summoning {unknown}
 h - a scroll of identify {unknown}
 i - a scroll of teleportation {unknown}
 l - a scroll of torment {unknown}
Potions
 f - a potion of attraction {unknown}
 j - a potion of degeneration {unknown}
 m - a potion of mutation {unknown}


   Skills:
 + Level 3.8 Fighting
 * Level 5.0 Long Blades
 - Level 2.0 Throwing
 + Level 3.7 Dodging


You had 4 spell levels left.
You didn't know any spells.
Your spell library contained the following spells:

 Spells                   Type           Power      Damage    Failure   Level
 Summon Small Mammal      Summ           0%         N/A       38%         1
 Stone Arrow              Conj/Erth      0%         3d7       77%         3
 Lehudib's Crystal Spear  Conj/Erth      0%         10d2      100%        8
 Animate Armour           Summ/Erth      Unusable   N/A       N/A         4

Dungeon Overview and Level Annotations

Branches:
Dungeon (3/15)

Altars:
Uskayaw

Annotations:
D:3 Terence


Innate Abilities, Weirdness & Mutations

Your plain brown scales are hard. (AC +5)
You cannot fit into any form of body armour.
You are cold-blooded and may be slowed by cold attacks.


Message History

You barely miss the steam dragon.
You are engulfed in a cloud of scalding steam.
The quokka is engulfed in a cloud of scalding steam.
The steam dragon bites you. The steam dragon misses you.
You barely miss the steam dragon. The quokka misses you.
The steam dragon breathes steam at you. The ball of steam misses you.
Unknown command.
You closely miss the steam dragon.
You are engulfed in a cloud of scalding steam.
The steam dragon bites you! The steam dragon claws you.
Terence is engulfed in a cloud of scalding steam.
It was a potion of curing.
You feel better. The steam dragon misses you. The steam dragon claws you.
Terence is engulfed in a cloud of scalding steam.
Terence drinks a potion.
Terence is healed!
You feel better. The steam dragon bites you!
The steam dragon claws you but does no damage.
Throw: 2 throwing nets
Press: ? - help, Q - select action, (/) - cycle Shift-Dir - straight line, f - steam dragon
Aim: a steam dragon (59% to hit)
You throw a throwing net.
The throwing net closely misses the steam dragon.
The throwing net hits Terence.
Terence is caught in the net!
Terence is moderately wounded.
Terence struggles against the net.
The steam dragon bites you.
* * * LOW HITPOINT WARNING * * *
The steam dragon claws you but does no damage.
Throw: throwing net
Press: ? - help, Q - select action, (/) - cycle Shift-Dir - straight line, f/p - steam dragon
Aim: a steam dragon (59% to hit)
You throw a throwing net.
The throwing net completely misses the steam dragon.
The throwing net hits Terence.
Terence is moderately wounded.
Terence struggles against the net.
The steam dragon breathes steam at you. The ball of steam hits you!!
Ouch! That really hurt!
You die...

#.........
####........
...........
........ #.....#
.###....w#
.........#
........w#######...
........r@D@.......
#......).#########+
#..................
#..................
######.#.##...#....
#.............
###...<..#....
####...# ... #...#
..


You could see a steam dragon (catching breath), Terence (caught), a worm and a
quokka.

Vanquished Creatures
  Sigmund (D:2)
  Jessica (D:2)
  2 adders (D:2)
  2 dart slugs
  2 ball pythons
  5 bats
  2 endoplasms (D:2)
  A giant cockroach (D:2)
  2 goblins (D:1)
  4 kobolds
  3 quokkas
  4 frilled lizards
  5 rats
34 creatures vanquished.

Vanquished Creatures (others)
  A fungus (D:2)
  A plant (D:2)
2 creatures vanquished.

Grand Total: 36 creatures vanquished

Notes
Turn   | Place    | Note
-------+----------+-------------------------------------------
     0 | D:1      | KristoblXynda the Draconian Gladiator began the quest for
                  | the Orb.
     0 | D:1      | Reached XP level 1. HP: 17/17 MP: 1/1
   296 | D:1      | Reached XP level 2. HP: 25/25 MP: 2/2
   983 | D:2      | Found a hide-covered altar of Uskayaw.
  1099 | D:2      | Noticed Sigmund
  1106 | D:2      | Killed Sigmund
  1107 | D:2      | Reached skill level 4 in Long Blades
  1107 | D:2      | Reached XP level 3. HP: 13/31 MP: 3/3
  1107 | D:2      | Reached XP level 4. HP: 16/38 MP: 4/4
  1107 | D:2      | Reached XP level 5. HP: 19/45 MP: 5/5
  1282 | D:2      | Found a faded altar of an unknown god.
  1296 | D:2      | Got Plato's Grimoire of Calling
  1380 | D:2      | Noticed Jessica
  1387 | D:2      | Killed Jessica
  1535 | D:2      | Reached skill level 5 in Long Blades
  1789 | D:3      | Noticed Terence
  1789 | D:3      | Noticed a steam dragon
  1804 | D:3      | Killed from afar by a steam dragon

Illustrated notes

Levels and vault maps discovered:
D:1:      erik_arrival_orb_chamber, layout_loops_corners, minmay_hedge_maze,
          hangedman_decor_growths
D:2:      layout_loops_ring, shapermc_ecumenical_altar_rom_forum, basic_altar,
          corexii_corridor_pit, minmay_indecisive_spiral, uniq_jessica,
          uniq_sigmund
D:3:      minmay_wonky_spiral, layout_basic, uniq_terence

Skill      XL: |  1  2  3  4  5 |
---------------+----------------+-----
Throwing       | 2 |  2.0
Dodging        | 3 |  3.7
Fighting       | 3 |  3.8
Long Blades    | 4 5 |  5.0

Action                   |  1- 3 |  4- 6 || total
-------------------------+-------+-------++-------
Melee: Long sword        |    55 |    35 ||    90
       Tailslap          |     6 |     7 ||    13
Throw: Throwing net      |     1 |     2 ||     3
  Use: Potion            |       |     2 ||     2
 Stab: Sleeping          |     3 |     2 ||     5
Armor: Skin              |    22 |    15 ||    37
Dodge: Dodged            |    35 |    27 ||    62

Table legend: (Time is in decaauts)
 A = Elapsed time spent in this place.
 B = Non-inter-level travel time spent in this place.
 C = Inter-level travel time spent in this place.
 D = Time resting spent in this place.
 E = Time spent auto-exploring this place.
 F = Levels seen in this place.
 G = Mean time per level.
                   A        B        C        D        E       F      G
               +--------+--------+--------+--------+--------+-----+--------+
         Total |   1821 |   1780 |     41 |    171 |   1353 |   3 |  607.0 |
       Dungeon |   1821 |   1780 |     41 |    171 |   1353 |   3 |  607.0 |
               +--------+--------+--------+--------+--------+-----+--------+

Top non-repeatable levels by time:
     D:1: 992 daAuts
     D:2: 809 daAuts
     D:3: 19 daAuts
